 Dungeon Crawl Stone Soup version 0.31-a0-234-gad7ace16ef (webtiles) character file.

Game seed: 16073788288879891887

96 qw the Shooter (level 4, -8/26 HPs)
             Began as a Gargoyle Hexslinger on July 9, 2023.
             Killed from afar by Natasha (9 damage)
             ... with a magic dart
             ... on level 2 of the Dungeon.
             The game lasted 00:00:29 (1071 turns).

qw the Shooter (Gargoyle Hexslinger)                Turns: 1071, Time: 00:00:30

Health: -8/26      AC: 10    Str: 12    XL:     4   Next: 67%
Magic:  5/5        EV: 10    Int: 13    God:
Gold:   117        SH:  0    Dex: 14    Spells: 4/5 levels left

rFire   . . .        Y - +1 sling
rCold   . . .        (no shield)
rNeg    + . .        h - +0 ring mail
rPois   inf          (no helmet)
rElec   +            (no cloak)
rCorr   .            m - +0 pair of gloves
SInv    .            k - +0 pair of boots
Will    .....        (no amulet)
Stlth   +            (no ring)
HPRegen 0.24/turn    (no ring)
MPRegen 0.09/turn

%: no passive effects
@: about to teleport
A: sickness immunity, AC +3, negative energy resistance 1, electricity
resistance, torment resistance 1, petrification resistance
a: no special abilities


You were on level 2 of the Dungeon.
You visited 1 branch of the dungeon, and saw 2 of its levels.

You collected 117 gold pieces.


Innate Abilities, Weirdness & Mutations

You are immune to sickness and miasma.
Your stone body is resilient. (AC +3)
You are immune to poison.
You resist negative energy. (rN+)
You are resistant to electric shocks. (rElec)
You are resistant to unholy torment.
You are immune to petrification.


   Skills:
 - Level 2.0 Fighting
 + Level 4.2 Ranged Weapons
 - Level 1.0 Armour
 - Level 1.5 Dodging
 - Level 1.0 Spellcasting
 - Level 2.6 Hexes


You had 4 spell levels left.
You knew the following spells:

 Your Spells              Type           Power      Damage    Failure   Level
a - Slow                  Hex            28%        N/A       22%         1

Your spell library contained the following spells:

 Spells                   Type           Power      Damage    Failure   Level
 Inner Flame              Hex/Fire       4%         N/A       73%         3
 Portal Projectile        Hex/Tloc       8%         N/A       73%         3
 Cause Fear               Hex            3%         N/A       91%         4

Inventory:

Hand Weapons
 Y - a +1 sling (weapon)
Armour
 h - a +0 ring mail (worn)
 k - a +0 pair of boots (worn)
 m - a +0 pair of gloves (worn)
Scrolls
 a - 2 scrolls of identify
Potions
 b - a potion of curing {unknown}
 c - a potion of degeneration {unknown}
 d - a potion of invisibility {unknown}
 f - a potion of enlightenment
 g - a potion of haste {unknown}
 j - a potion of cancellation {unknown}

Dungeon Overview and Level Annotations

Branches:
Dungeon (2/15)

Altars:
Makhleb

Annotations:
D:2 Natasha


Message History

The sling bullet closely misses Natasha.
The cerulean imp hits you from afar with a +0 spear.
The cerulean imp hits you with a +2 spear.
The cerulean imp hits you with a +1 spear.
Natasha stares at you and mumbles some strange words.
The magic dart hits you!
The cerulean imp hits you but does no damage.
You shoot a sling bullet.
The sling bullet hits Natasha but does no damage.
Natasha is almost dead.
The cerulean imp hits you but does no damage.
Natasha claws you.
The cerulean imp hits you but does no damage. x2
You shoot a sling bullet.
The sling bullet closely misses Natasha.
The cerulean imp hits you with a +2 spear.
Natasha claws you but does no damage.
The cerulean imp hits you with a +1 spear.
The cerulean imp hits you but does no damage.
The cerulean imp closely misses you. The cerulean imp barely misses you.
Natasha howls an incantation.
You feel troubled. Natasha casts a spell at you.
The magic dart hits you but does no damage.
1070 ||| READING scroll of teleportation.
As you read the scroll of teleportation, it crumbles to dust.
You feel strangely unstable. The cerulean imp misses you.
The cerulean imp hits you with a +2 spear.
The cerulean imp closely misses you.
Natasha stares at you and mumbles some strange words.
The magic dart hits you.
You shoot a sling bullet.
The sling bullet closely misses Natasha.
The cerulean imp hits you but does no damage.
The cerulean imp hits you with a +2 spear.
The cerulean imp completely misses you. Natasha casts a spell at you.
The magic dart hits you!
You die...

####....###.........%..#
#.#.## #<.<......##.#
#.#.# ##.###.##.##.#
####.#.## #.# #.##.##.#
.....)..# #.# #.##.##.#
#######.# #.# #.##.##.#
#.####.# #.##..#.##
#).....#
#5###.)..#######.
#.###### #@#
#..#......... ### #.#
#5h# #....######.. ..#
#.# #5## #.#.## #.# #.#
#g #.#.# #.# #.# #.
#.#.# #.# #.# .. (.#.#
#.# #.######.. #.#..
#.#####......... .....
#....##.######. ...


You could see Natasha, 3 cerulean imps and a hobgoblin.

Vanquished Creatures
  A hound (D:2)
  Jessica (D:2)
  A dart slug (D:1)
  2 ball pythons (D:1)
  3 endoplasms
  5 giant cockroaches
  4 hobgoblins
  3 jackals (D:2)
  A quokka (D:1)
  A bat (D:1)
  3 frilled lizards
  4 goblins
  2 kobolds (D:1)
  3 rats (D:2)
34 creatures vanquished.

Notes
Turn   | Place    | Note
-------+----------+-------------------------------------------
     0 | D:1      | qw the Gargoyle Hexslinger began the quest for the Orb.
     0 | D:1      | Reached XP level 1. HP: 12/12 MP: 2/2
     0 | D:1      | 0 ||| qw: Version: 0.3-a-51-g015441d
     0 | D:1      | 0 ||| qw: Game counter: 4144
     0 | D:1      | 0 ||| qw: Melee chars always use a shield: true
     0 | D:1      | 0 ||| qw: God list: Okawaru
     0 | D:1      | 0 ||| qw: Allow faded altars: false
     0 | D:1      | 0 ||| qw: Do Orc after clearing Dungeon:15 true
     0 | D:1      | 0 ||| qw: Do second Lair branch before Depths: true
     0 | D:1      | 0 ||| qw: Lair rune preference: random
     0 | D:1      | 0 ||| qw: Goals: Normal
     0 | D:1      | 0 ||| PLANNING D:1-11
   223 | D:1      | Reached XP level 2. HP: 16/16 MP: 3/3
   374 | D:1      | Reached skill level 3 in Ranged Weapons
   741 | D:1      | 741 ||| UPGRADING to +0 ring mail.
   751 | D:1      | 751 ||| DROPPING +0 robe.
   752 | D:1      | 752 ||| UPGRADING to +0 pair of boots.
   757 | D:1      | 757 ||| UPGRADING to +0 pair of gloves.
   762 | D:1      | 762 ||| READING scroll labelled DIOFRE JECKOLU.
   763 | D:1      | 763 ||| READING 2 scrolls labelled HOYWNA QUNUXI.
   767 | D:1      | 767 ||| READING scroll labelled BIUFAD QIASSOU.
   768 | D:1      | 768 ||| DRINKING 2 ruby potions.
   769 | D:1      | 769 ||| DROPPING scroll of poison.
   799 | D:2      | Reached XP level 3. HP: 20/21 MP: 4/4
   856 | D:2      | Reached skill level 1 in Armour
   878 | D:2      | Found a burning altar of Makhleb.
   933 | D:2      | Reached XP level 4. HP: 26/26 MP: 5/5
  1013 | D:2      | Noticed Jessica
  1017 | D:2      | Killed Jessica
  1018 | D:2      | Reached skill level 4 in Ranged Weapons
  1058 | D:2      | Noticed Natasha
  1069 | D:2      | HP: 6/26 [cerulean imp/+1 spear[Natasha] (2)]
  1070 | D:2      | 1070 ||| READING scroll of teleportation.
  1071 | D:2      | HP: 1/26 [cerulean imp/+2 spear[Natasha] (3)]
  1071 | D:2      | Killed from afar by Natasha

Levels and vault maps discovered:
D:1:      minmay_arrival_semitransparent, layout_basic
D:2:      layout_loops_ring, basic_altar, uniq_jessica, uniq_natasha,
          uniq_crazy_yiuf_cottage

Skill      XL: |  1  2  3  4 |
---------------+-------------+-----
Ranged Weapons | 3 4 |  4.2
Fighting       | 2 |  2.0
Armour         | 1 |  1.0
Dodging        | |  1.5
Spellcasting   | |  1.0
Hexes          | |  2.6

Action                     |  1- 3 |  4- 6 || total
---------------------------+-------+-------++-------
   Fire: Sling             |    85 |    33 ||   118
    Use: Scroll            |     3 |     1 ||     4
         Potion            |     1 |       ||     1
 Armour: Robe              |     3 |       ||     3
         Ring mail         |    17 |    17 ||    34
  Dodge: Dodged            |    25 |     7 ||    32

Table legend:
 A = Non-vault XP
 B = Vault XP
 C = Vault XP percentage of total XP
 D = Non-vault monster count
 E = Vault monster count
 F = Vault count percentage of total count
                 A         B        C        D         E       F
            +---------+---------+-------+---------+---------+-------
      Total |     101 |      37 |  26.8 |      33 |       1 |   2.9
            +---------+---------+-------+---------+---------+-------
        D:1 |      31 |       0 |   0.0 |      17 |       0 |   0.0
        D:2 |      70 |      37 |  34.6 |      16 |       1 |   5.9
            +---------+---------+-------+---------+---------+-------
